 Dungeon Crawl Stone Soup version 0.31-a0-925-g0a390f2509 (webtiles) character file.

Game seed: 9595745785775624378

2713 Dirtsage the Geomancer (level 9, -18/45 HPs)
             Began as a Gargoyle Earth Elementalist on Oct 18, 2023.
             Was a Believer of Vehumet.
             Hit by a large rock thrown by a cyclops (33 damage)
             ... on level 7 of the Dungeon.
             The game lasted 00:23:44 (7459 turns).

Dirtsage the Geomancer (GrEE)                       Turns: 7459, Time: 00:23:45

Health: -18/45     AC:  8    Str: 12    XL:     9   Next: 66%
Magic:  7/16       EV: 16    Int: 20    God:    Vehumet [**....]
Gold:   356        SH:  3    Dex: 10    Spells: 7/18 levels left

rFire   . . .        (no weapon)
rCold   . . .        j - +0 buckler
rNeg    + . .        a - +0 robe
rPois   ∞            (no helmet)
rElec   +            (no cloak)
rCorr   +            (no gloves)
SInv    .            (no boots)
Will    .....        (no amulet)
Stlth   ++           v - +5 ring of evasion
HPRegen 0.27/turn    C - ring of resist corrosion
MPRegen 0.15/turn

%: no passive effects
@: no status effects
A: sickness immunity, AC +6, negative energy resistance 1, electricity
resistance, torment resistance 1, petrification resistance
a: Renounce Religion


You were on level 7 of the Dungeon.
You worshipped Vehumet.
Vehumet was pleased with you.
You visited 2 branches of the dungeon, and saw 8 of its levels.

You collected 356 gold pieces.

Inventory:

Hand Weapons
 k - a +1 dagger of distortion
Missiles
 u - 2 throwing nets
 E - a curare-tipped dart
Armour
 a - a +0 robe (worn)
 j - a +0 buckler (worn)
 n - a +0 ring mail
 w - a +0 leather armour
 z - +0 swamp dragon scales
Jewellery
 v - a +5 ring of evasion (left hand)
 C - a ring of resist corrosion (right hand)
Wands
 i - a wand of mindburst (13)
 q - a wand of flame (21)
 D - a wand of iceblast (1)
Scrolls
 e - a scroll of blinking {unknown}
 g - 2 scrolls of fear
 h - a scroll of vulnerability {unknown}
 l - a scroll of amnesia {unknown}
 m - a scroll of immolation {unknown}
 p - a scroll of revelation {unknown}
 s - a scroll of silence {unknown}
 t - a scroll of teleportation
 x - 3 scrolls of identify {unknown}
 y - a scroll of enchant weapon
 A - a scroll of torment {unknown}
 B - a scroll of poison {unknown}
Potions
 b - 2 potions of magic
 c - 3 potions of attraction {unknown}
 d - 4 potions of degeneration {unknown}
 f - 8 potions of heal wounds {unknown}
 o - a potion of haste {unknown}
 r - 2 potions of might {unknown}


   Skills:
 - Level 1.5 Dodging
 - Level 2.1 Stealth
 + Level 5.0 Spellcasting
 + Level 8.7 Conjurations
 - Level 0.7 Transmutations
 * Level 3.1 Ice Magic
 + Level 10.2 Earth Magic


You had 7 spell levels left.
You knew the following spells:

 Your Spells              Type           Power      Damage    Failure   Level
a - Sandblast             Erth           92%        2d19      1%          1
b - Stone Arrow           Conj/Erth      86%        3d12      1%          3
c - Brom's Barrelling Bo  Conj/Erth      43%        2d6       3%          4
d - Frozen Ramparts       Ice            34%        1d6       14%         3

Your spell library contained the following spells:

 Spells                   Type           Power      Damage    Failure   Level
 Ignite Poison            Fire/Tmut/Pois 6%         N/A       41%         3
 Magic Dart               Conj           100%       1d8       1%          1
 Searing Ray              Conj           78%        2d7       1%          2
 Kiss of Death            Conj/Necr      88%        2d12      2%          1
 Passwall                 Tmut/Erth      22%        N/A       2%          2
 Freeze                   Ice            68%        1d8       4%          1
 Hailstorm                Conj/Ice       28%        3d8       4%          3
 Petrify                  Tmut/Erth      27%        N/A       17%         4
 Fulminant Prism          Conj/Hex       11%        3d8       28%         4
 Confusing Touch          Hex            5%         N/A       45%         3
 Dispel Undead            Necr           5%         3d7       86%         4


Dungeon Overview and Level Annotations

Branches:
Dungeon (7/15)             Temple (1/1) D:5

Altars:
Ashenzari
Elyvilon
Fedhas
Kikubaaqudgha
Makhleb
Nemelex Xobeh
Okawaru
Ru
Sif Muna
Trog
Uskayaw
Vehumet
Wu Jian
Xom
Zin
The Shining One

Shops:
D:6 *   D:7 :


Innate Abilities, Weirdness & Mutations

You are immune to sickness and miasma.
Your stone body is resilient. (AC +6)
You are immune to poison.
You resist negative energy. (rN+)
You are resistant to electric shocks. (rElec)
You are resistant to unholy torment.
You are immune to petrification.


Message History

Aiming: Stone Arrow (safe; 1% risk of failure)
Press: ? - help, Shift-Dir - straight line, f - you
Okay, then.
Casting: Stone Arrow (safe; 1% risk of failure)
Confirm with . or Enter, or press ? or * to list all spells.
Aiming: Brom's Barrelling Boulder (dangerous; 3% risk of failure)
Press: ? - help, Dir - move target, f - cyclops
Aim: a cyclops, quivering large rocks (100% to hit)
You send a boulder barrelling forward!
You now have 12/16 mp.
The cyclops throws a large rock.
The large rock hits your boulder!!!
Your boulder is destroyed!
Casting: Brom's Barrelling Boulder (dangerous; 3% risk of failure)
Confirm with . or Enter, or press ? or * to list all spells.
Aiming: Stone Arrow (safe; 1% risk of failure)
Press: ? - help, Shift-Dir - straight line, f/p - cyclops
Aim: a cyclops, quivering large rocks (98% to hit)
The stone arrow hits the cyclops!
The cyclops is moderately wounded.
You now have 9/16 mp.
Casting: Stone Arrow (safe; 1% risk of failure)
Confirm with . or Enter, or press ? or * to list all spells.
Aiming: Sandblast (safe; 1% risk of failure)
Press: ? - help, Shift-Dir - straight line, f/p - cyclops
Aim: a cyclops, quivering large rocks (moderately wounded, 98% to hit)
The blast of sand hits the cyclops!!
The cyclops is severely wounded.
The cyclops throws a large rock.
The large rock hits you!!
Ouch! That really hurt!
You take 30 damage, and have 15/45 hp.
MASSIVE DAMAGE!!
You now have 8/16 mp.
Casting: Sandblast (safe; 1% risk of failure)
Confirm with . or Enter, or press ? or * to list all spells.
Aiming: Sandblast (safe; 1% risk of failure)
Press: ? - help, Shift-Dir - straight line, f/p - cyclops
Aim: a cyclops, quivering large rocks (severely wounded, 98% to hit)
The blast of sand hits the cyclops.
The cyclops is almost dead.
The cyclops throws a large rock.
The large rock hits you!!
Ouch! That really hurt!
You die...

......
#........#..............
.....
#........#####.........#
..... #........#
#.........# ....
#........# #.........#
.... ##........#
#.........+
..........###
#....(....#
#########...#
#.........# ########...#
#.).......# #...C..@...#
#.........# #........###
#######.... #........#
#.##. ........<# #.##.
#........# #######'##.
#........# #..........
########## #........#.
#........## #........#


You could see a cyclops.

Vanquished Creatures
  Maggie (D:6)
  3 water moccasins
  3 ice beasts (D:7)
  An orc warrior (D:6)
  2 sky beasts (D:7)
  2 black bears (D:6)
  2 ogres
  A centaur (D:5)
  A phantom (D:3)
  A bullfrog (D:7)
  A kobold brigand (D:7)
  2 scorpions
  2 howler monkeys (D:7)
  3 jellies
  An orc priest (D:6)
  4 hounds
  A gnoll bouda (D:5)
  Jessica (D:2)
  4 iguanas
  An orc wizard (D:6)
  11 gnolls
  8 adders
  6 worms
  5 dart slugs
  20 orcs
  7 ball pythons
  9 endoplasms
  2 giant cockroaches
  7 goblins
  9 hobgoblins
  10 jackals
  12 kobolds
  3 quokkas
  2 bats
  5 frilled lizards
  3 rats (D:1)
156 creatures vanquished.

Vanquished Creatures (collateral kills)
  2 boulders (D:7)
2 creatures vanquished.

Vanquished Creatures (others)
  3 boulders
3 creatures vanquished.

Grand Total: 161 creatures vanquished

Notes
Turn   | Place    | Note
-------+----------+-------------------------------------------
     0 | D:1      | Dirtsage the Gargoyle Earth Elementalist began the quest
                  | for the Orb.
     0 | D:1      | Reached XP level 1. HP: 10/10 MP: 3/3
   153 | D:1      | Reached skill level 1 in Conjurations
   153 | D:1      | Reached XP level 2. HP: 15/15 MP: 1/5
   155 | D:1      | Reached skill level 4 in Earth Magic
   524 | D:1      | Reached XP level 3. HP: 19/19 MP: 4/6
   778 | D:1      | Found a faded altar of an unknown god.
  1570 | D:2      | Learned a level 3 spell: Stone Arrow
  1672 | D:2      | Noticed Jessica
  1676 | D:2      | Killed Jessica
  1677 | D:2      | Reached skill level 5 in Earth Magic
  1677 | D:2      | Reached XP level 4. HP: 24/24 MP: 4/7
  1912 | D:3      | Noticed a phantom
  1924 | D:3      | Killed a phantom
  1925 | D:3      | Reached XP level 5. HP: 20/28 MP: 0/8
  2069 | D:3      | Found a radiant altar of Vehumet.
  2097 | D:3      | Noticed an ogre
  2108 | D:3      | Became a worshipper of Vehumet
  2360 | D:4      | Reached skill level 6 in Earth Magic
  2411 | D:4      | Reached XP level 6. HP: 32/32 MP: 6/9
  2789 | D:4      | Noticed a water moccasin
  2793 | D:4      | Killed a water moccasin
  2794 | D:4      | Reached skill level 5 in Conjurations
  2794 | D:4      | Reached XP level 7. HP: 31/36 MP: 5/10
  3174 | D:3      | Found a white marble altar of Elyvilon.
  3176 | D:3      | Found a glowing golden altar of the Shining One.
  3380 | D:3      | Reached * piety under Vehumet
  3380 | D:3      | Offered knowledge of Freeze by Vehumet.
  3478 | D:3      | Reached skill level 7 in Earth Magic
  3692 | D:5      | Entered Level 5 of the Dungeon
  4422 | D:5      | Found a staircase to the Ecumenical Temple.
  4429 | Temple   | Entered the Ecumenical Temple
  4941 | D:5      | Reached XP level 8. HP: 41/41 MP: 8/12
  5008 | D:5      | Reached skill level 8 in Earth Magic
  5403 | D:6      | Learned a level 4 spell: Brom's Barrelling Boulder
  5422 | D:6      | Found Calir's Serpentskin Sales.
  5701 | D:6      | Reached skill level 9 in Earth Magic
  5967 | D:6      | Noticed Maggie
  5971 | D:6      | Offered knowledge of Kiss of Death by Vehumet.
  5979 | D:6      | Killed Maggie
  5980 | D:6      | Reached XP level 9. HP: 39/45 MP: 1/15
  6102 | D:6      | Reached ** piety under Vehumet
  6352 | D:6      | Learned a level 3 spell: Frozen Ramparts
  6615 | D:7      | Reached skill level 1 in Ice Magic
  6615 | D:7      | Reached skill level 10 in Earth Magic
  6958 | D:7      | Found Unuq's Tiny Tomes.
  7200 | D:7      | Reached skill level 5 in Spellcasting
  7266 | D:7      | Found an ornate altar of the Wu Jian Council.
  7266 | D:7      | Found an ancient bone altar of Kikubaaqudgha.
  7338 | D:7      | Offered knowledge of Ignite Poison by Vehumet.
  7453 | D:7      | Noticed a cyclops
  7459 | D:7      | Hit by a large rock thrown by a cyclops

Illustrated notes

Levels and vault maps discovered:
D:1:      wheals_arrival_shading, layout_loops_corners,
          dreamdust_ecumenical_altar_hidden_monk_grotto, st_stairs_2,
          amcnicky_mini_rare_corridor_liquid
D:2:      layout_rooms, uniq_jessica
D:3:      layout_basic, mainiacjoe_overflow_alcove_4,
          chequers_temple_overflow_statue_of_worship
D:4:      layout_rooms, grunt_ministairs_11
D:5:      layout_cave_pods, temple_green
D:6:      layout_rooms, guppyfry_shop_venom, uniq_maggie
D:7:      layout_basic, mainiacjoe_overflow_divided_tiny,
          nicolae_shop_i_like_small_books_too
Temple:   jpeg_temple_clearing

Skill      XL: |  1  2  3  4  5  6  7  8  9 |
---------------+----------------------------+-----
Conjurations   | 1 2 3 4 5 6 8 |  8.7
Earth Magic    | 4 5 6 7 9 10 | 10.2
Spellcasting   | 3 4 5 |  5.0
Ice Magic      | 3 |  3.1
Dodging        | |  1.5
Stealth        | |  2.1
Transmutations | |  0.7

Action                     |  1- 3 |  4- 6 |  7- 9 || total
---------------------------+-------+-------+-------++-------
  Melee: Unarmed           |    12 |       |     8 ||    20
   Cast: Sandblast         |    54 |    58 |    65 ||   177
         Stone Arrow       |       |       |    72 ||    72
         Brom's Barrelling |       |       |     6 ||     6
  Evoke: Wand              |       |       |     7 ||     7
    Use: Scroll            |     1 |       |     2 ||     3
 Armour: Robe              |    10 |     4 |    14 ||    28
         Ring mail         |       |    11 |     6 ||    17
         Leather armour    |       |       |     5 ||     5
  Dodge: Dodged            |    13 |    18 |    25 ||    56
  Block: Buckler           |       |       |     5 ||     5

Table legend: (Time is in decaauts)
 A = Elapsed time spent in this place.
 B = Non-inter-level travel time spent in this place.
 C = Inter-level travel time spent in this place.
 D = Time resting spent in this place.
 E = Time spent auto-exploring this place.
 F = Levels seen in this place.
 G = Mean time per level.
                   A        B        C        D        E       F      G
               +--------+--------+--------+--------+--------+-----+--------+
         Total |   7548 |   7165 |    383 |    418 |   5770 |   8 |  943.5 |
       Dungeon |   7546 |   7163 |    383 |    418 |   5770 |   7 | 1078.0 |
        Temple |      1 |      1 |      0 |      0 |      0 |   1 |    1.0 |
               +--------+--------+--------+--------+--------+-----+--------+

Top non-repeatable levels by time:
     D:5: 1798 daAuts
     D:1: 1188 daAuts
     D:6: 1017 daAuts
     D:3: 1006 daAuts
     D:7: 913 daAuts
     D:4: 846 daAuts
     D:2: 775 daAuts
  Temple: 1 daAuts
